[ AOE2 MATCH · #482500325 ]
Team RMMongols vs Celts
[ REPLAY ANALYSIS · EXTRACTED FROM THE RECORDED GAME ]
Feudal
11:58
Castle
19:57
Imperial
48:16
| APM avg | 22.5 |
| APM peak | 80 |
| eAPM avg | 12.3 |
| Villagers / military | 101 / 79 |
Focus
⚔️ 28.3% · 🌾 71.7%
Spearman ×32 · Mangonel ×17 · Knight ×11 · Mangudai ×7 · Cavalry Archer ×5 · Battering Ram ×4
Feudal
12:16
Castle
19:55
Imperial
—
| APM avg | 8.7 |
| APM peak | 21 |
| eAPM avg | 7.6 |
| Villagers / military | 139 / 33 |
Focus
⚔️ 16.2% · 🌾 83.8%
Berserk ×33
Feudal
14:04
Castle
19:42
Imperial
30:40
| APM avg | 25.4 |
| APM peak | 66 |
| eAPM avg | 13.9 |
| Villagers / military | 98 / 218 |
Focus
⚔️ 45.0% · 🌾 55.0%
Spearman ×127 · Skirmisher ×70 · War Elephant ×12 · Archer ×6 · Trebuchet (Packed) ×3
Feudal
11:20
Castle
20:07
Imperial
—
| APM avg | 9.8 |
| APM peak | 56 |
| eAPM avg | 4.8 |
| Villagers / military | 44 / 12 |
Focus
⚔️ 14.3% · 🌾 85.7%
Skirmisher ×10 · Woad Raider ×2
Match map
Initial resources + every placement click. Lines = walls · curves = elevation contours. ◆ gold · ⬟ stone · ● berries · ✦ relic · ◌ wall gap
Your base· ✓ Closed at 19:57 · 10t walls · 1 gate(s)
MrAlwaysWins's base· ✓ Closed at 19:55 · 0t walls · no gate
StarKiller's base· ✓ Closed at 19:42 · 28t walls · 1 gate(s)
_yeetmeoffacliff_'s base· ✓ Closed at 20:07 · 34t walls · 2 gate(s)
Smoothed initial terrain · ◌ = detected wall gap · hover for details
Inputs per minute
— leehunt85 - - MrAlwaysWins
Build order — leehunt85
First 150 of 302 actions detected
| 0:06 | Create | Villager (Male) |
| 0:06 | Create | Villager (Male) |
| 0:10 | Build | House |
| 0:24 | Create | Villager (Male) |
| 0:24 | Create | Villager (Male) |
| 0:25 | Create | Villager (Male) |
| 0:40 | Build | House |
| 1:12 | Build | House |
| 1:21 | Create | Villager (Male) |
| 1:31 | Build | House |
| 1:37 | Build | House |
| 2:17 | Create | Villager (Male) |
| 2:41 | Create | Villager (Male) |
| 3:07 | Create | Villager (Male) |
| 3:25 | Create | Villager (Male) |
| 3:41 | Create | Villager (Male) |
| 3:52 | Build | Mill |
| 4:17 | Create | Villager (Male) |
| 4:19 | Create | Villager (Male) |
| 5:03 | Create | Villager (Male) |
| 5:22 | Create | Villager (Male) |
| 5:43 | Create | Villager (Male) |
| 5:52 | Create | Villager (Male) |
| 6:23 | Create | Villager (Male) |
| 6:26 | Create | Villager (Male) |
| 7:08 | Build | Barracks |
| 7:44 | Create | Villager (Male) |
| 8:36 | Build | Lumber Camp |
| 8:47 | Build | House |
| 8:51 | Build | House |
| 9:29 | Build | House |
| 9:48 | Research | Feudal Age |
| 9:49 | Research | Loom |
| 10:25 | Build | Farm |
| 10:29 | Build | Farm |
| 11:08 | Create | Villager (Male) |
| 11:08 | Create | Villager (Male) |
| 11:09 | Create | Villager (Male) |
| 11:15 | Create | Villager (Male) |
| 11:38 | Create | Villager (Male) |
| 11:52 | Create | Villager (Male) |
| 11:58 | Age | Feudal Age |
| 12:05 | Build | Stable |
| 12:14 | Build | Blacksmith |
| 13:19 | Build | Market |
| 14:06 | Build | Stone Wall |
| 14:29 | Build | Stone Wall |
| 14:36 | Build | Gate |
| 15:13 | Build | Archery Range |
| 15:16 | Research | Padded Archer Armor |
| 15:45 | Build | Farm |
| 17:05 | Create | Archer |
| 17:05 | Create | Archer |
| 17:17 | Research | Castle Age |
| 18:27 | Create | Villager (Male) |
| 18:27 | Create | Villager (Male) |
| 18:33 | Build | Farm |
| 18:45 | Create | Spearman |
| 18:45 | Create | Spearman |
| 18:53 | Create | Spearman |
| 19:38 | Research | Double-Bit Axe |
| 19:45 | Build | Farm |
| 19:57 | Age | Castle Age |
| 20:13 | Create | Cavalry Archer |
| 20:14 | Create | Cavalry Archer |
| 20:15 | Create | Cavalry Archer |
| 20:16 | Create | Cavalry Archer |
| 20:16 | Create | Cavalry Archer |
| 20:43 | Create | Villager (Male) |
| 20:52 | Research | Padded Archer Armor |
| 21:06 | Build | Siege Workshop |
| 21:21 | Build | Town Center |
| 21:28 | Build | Farm |
| 21:31 | Build | Farm |
| 21:46 | Create | Battering Ram |
| 21:49 | Create | Battering Ram |
| 22:18 | Research | Fletching |
| 22:40 | Create | Villager (Male) |
| 22:40 | Create | Villager (Male) |
| 22:40 | Create | Villager (Male) |
| 22:45 | Create | Villager (Male) |
| 22:45 | Create | Villager (Male) |
| 22:45 | Create | Villager (Male) |
| 22:54 | Build | Farm |
| 23:05 | Build | Monastery |
| 23:59 | Build | University |
| 24:08 | Create | Monk |
| 24:24 | Research | Husbandry |
| 24:54 | Create | Knight |
| 24:54 | Create | Knight |
| 25:07 | Build | Farm |
| 25:13 | Research | Murder Holes |
| 25:35 | Create | Knight |
| 25:48 | Create | Villager (Male) |
| 25:48 | Create | Villager (Male) |
| 25:49 | Create | Villager (Male) |
| 25:56 | Build | House |
| 26:00 | Build | House |
| 26:04 | Build | House |
| 27:57 | Create | Knight |
| 27:57 | Create | Knight |
| 27:57 | Create | Knight |
| 27:57 | Create | Knight |
| 28:59 | Create | Knight |
| 28:59 | Create | Knight |
| 29:07 | Build | Archery Range |
| 29:13 | Build | Stable |
| 29:27 | Research | Scale Barding Armor |
| 29:31 | Research | Forging |
| 29:36 | Research | Thumb Ring |
| 29:56 | Create | Knight |
| 29:57 | Create | Knight |
| 30:54 | Build | Castle |
| 31:03 | Build | House |
| 31:07 | Build | House |
| 31:11 | Build | House |
| 31:17 | Build | House |
| 31:21 | Create | Villager (Male) |
| 31:21 | Create | Villager (Male) |
| 31:21 | Create | Villager (Male) |
| 31:22 | Create | Villager (Male) |
| 31:22 | Create | Villager (Male) |
| 31:22 | Create | Villager (Male) |
| 31:22 | Create | Villager (Male) |
| 31:29 | Create | Villager (Male) |
| 31:29 | Create | Villager (Male) |
| 31:30 | Create | Villager (Male) |
| 31:42 | Create | Battering Ram |
| 31:43 | Create | Battering Ram |
| 32:08 | Research | Squires |
| 32:17 | Build | Farm |
| 32:22 | Build | Farm |
| 32:29 | Build | Farm |
| 32:38 | Build | Farm |
| 32:43 | Build | Farm |
| 32:47 | Build | Farm |
| 32:56 | Create | Villager (Male) |
| 32:56 | Create | Villager (Male) |
| 32:56 | Create | Villager (Male) |
| 33:48 | Build | Mining Camp |
| 34:14 | Create | Villager (Male) |
| 34:15 | Create | Villager (Male) |
| 34:15 | Create | Villager (Male) |
| 34:15 | Create | Villager (Male) |
| 34:27 | Create | Mangudai |
| 34:27 | Create | Mangudai |
| 34:27 | Create | Mangudai |
| 34:27 | Create | Mangudai |
| 35:17 | Research | Leather Archer Armor |
| 36:32 | Build | Town Center |
Build order — MrAlwaysWins
First 150 of 330 actions detected
| 0:05 | Create | Villager (Male) |
| 0:05 | Create | Villager (Male) |
| 0:05 | Create | Villager (Male) |
| 0:05 | Create | Villager (Male) |
| 0:05 | Create | Villager (Male) |
| 0:13 | Build | House |
| 0:16 | Build | House |
| 0:19 | Build | House |
| 0:23 | Build | House |
| 1:46 | Build | Lumber Camp |
| 1:51 | Research | Loom |
| 2:18 | Create | Villager (Male) |
| 2:18 | Create | Villager (Male) |
| 2:51 | Create | Villager (Male) |
| 2:51 | Create | Villager (Male) |
| 2:51 | Create | Villager (Male) |
| 3:44 | Create | Villager (Male) |
| 3:44 | Create | Villager (Male) |
| 3:45 | Create | Villager (Male) |
| 3:52 | Create | Villager (Male) |
| 3:52 | Create | Villager (Male) |
| 4:11 | Create | Villager (Male) |
| 4:12 | Create | Villager (Male) |
| 4:32 | Create | Villager (Male) |
| 4:32 | Create | Villager (Male) |
| 5:04 | Create | Villager (Male) |
| 5:04 | Create | Villager (Male) |
| 5:04 | Create | Villager (Male) |
| 5:19 | Create | Villager (Male) |
| 5:19 | Create | Villager (Male) |
| 6:07 | Create | Villager (Male) |
| 7:23 | Create | Villager (Male) |
| 7:23 | Create | Villager (Male) |
| 7:23 | Create | Villager (Male) |
| 8:04 | Build | Mining Camp |
| 8:47 | Build | Mill |
| 9:16 | Create | Villager (Male) |
| 9:16 | Create | Villager (Male) |
| 10:01 | Research | Feudal Age |
| 10:02 | Research | Feudal Age |
| 10:02 | Research | Feudal Age |
| 10:41 | Build | Barracks |
| 10:59 | Build | House |
| 11:01 | Build | House |
| 11:04 | Build | House |
| 11:07 | Build | House |
| 11:11 | Build | House |
| 12:14 | Build | House |
| 12:16 | Age | Feudal Age |
| 12:30 | Build | Farm |
| 12:30 | Build | Farm |
| 12:30 | Build | Farm |
| 12:31 | Build | Farm |
| 12:31 | Build | Farm |
| 12:31 | Build | Farm |
| 12:31 | Build | Farm |
| 12:32 | Build | Farm |
| 12:32 | Build | Farm |
| 12:32 | Build | Farm |
| 12:32 | Build | Farm |
| 12:42 | Create | Villager (Male) |
| 12:42 | Create | Villager (Male) |
| 13:25 | Build | Farm |
| 13:26 | Build | Farm |
| 13:46 | Build | Farm |
| 14:45 | Build | Blacksmith |
| 15:28 | Build | Market |
| 16:23 | Build | Archery Range |
| 16:52 | Build | Farm |
| 16:56 | Build | Farm |
| 17:15 | Research | Castle Age |
| 17:15 | Research | Castle Age |
| 17:36 | Build | Mining Camp |
| 17:58 | Build | Farm |
| 18:10 | Research | Horse Collar |
| 18:18 | Research | Double-Bit Axe |
| 18:54 | Research | Gold Mining |
| 19:00 | Research | Stone Mining |
| 19:47 | Create | Villager (Male) |
| 19:48 | Create | Villager (Male) |
| 19:48 | Create | Villager (Male) |
| 19:48 | Create | Villager (Male) |
| 19:48 | Create | Villager (Male) |
| 19:55 | Age | Castle Age |
| 20:14 | Create | Villager (Male) |
| 20:25 | Build | Town Center |
| 20:48 | Create | Villager (Male) |
| 20:49 | Create | Villager (Male) |
| 21:15 | Create | Villager (Male) |
| 21:15 | Create | Villager (Male) |
| 21:15 | Create | Villager (Male) |
| 21:17 | Create | Villager (Male) |
| 21:17 | Create | Villager (Male) |
| 21:53 | Build | Farm |
| 21:59 | Build | Farm |
| 22:02 | Build | Farm |
| 22:15 | Create | Villager (Male) |
| 22:16 | Create | Villager (Male) |
| 22:20 | Create | Villager (Male) |
| 22:20 | Create | Villager (Male) |
| 22:29 | Build | Farm |
| 22:42 | Build | Farm |
| 23:00 | Create | Villager (Male) |
| 23:06 | Create | Villager (Male) |
| 23:36 | Research | Bow Saw |
| 23:51 | Research | Heavy Plow |
| 24:20 | Create | Villager (Male) |
| 24:20 | Create | Villager (Male) |
| 24:35 | Build | Farm |
| 24:36 | Build | Farm |
| 24:37 | Build | Farm |
| 24:39 | Build | Farm |
| 24:40 | Build | Farm |
| 24:42 | Build | Farm |
| 24:43 | Build | Farm |
| 24:54 | Create | Villager (Male) |
| 24:55 | Create | Villager (Male) |
| 24:58 | Create | Villager (Male) |
| 25:04 | Create | Villager (Male) |
| 25:38 | Build | Farm |
| 25:39 | Build | Farm |
| 25:40 | Build | Farm |
| 25:41 | Build | Farm |
| 25:51 | Create | Villager (Male) |
| 25:51 | Create | Villager (Male) |
| 25:51 | Create | Villager (Male) |
| 25:56 | Create | Villager (Male) |
| 25:56 | Create | Villager (Male) |
| 26:37 | Build | Castle |
| 26:59 | Research | Fletching |
| 27:03 | Research | Forging |
| 27:04 | Research | Scale Mail Armor |
| 27:05 | Research | Padded Archer Armor |
| 27:35 | Build | University |
| 27:45 | Research | Gold Shaft Mining |
| 27:55 | Research | Bodkin Arrow |
| 28:03 | Research | Murder Holes |
| 28:06 | Research | Ballistics |
| 28:06 | Research | Ballistics |
| 28:10 | Research | Masonry |
| 28:22 | Create | Villager (Male) |
| 28:23 | Create | Villager (Male) |
| 28:29 | Create | Villager (Male) |
| 28:30 | Create | Villager (Male) |
| 29:05 | Research | Iron Casting |
| 29:15 | Research | Chain Mail Armor |
| 29:34 | Research | Squires |
| 29:42 | Research | Arson |
| 30:00 | Research | Crossbowman (upgrade) |
| 30:04 | Research | Elite Skirmisher (upgrade) |
Build order — StarKiller
First 150 of 498 actions detected
| 0:31 | Research | Loom |
| 0:31 | Create | Villager (Male) |
| 0:32 | Create | Villager (Male) |
| 0:32 | Create | Villager (Male) |
| 0:32 | Create | Villager (Male) |
| 0:33 | Create | Villager (Male) |
| 0:33 | Create | Villager (Male) |
| 1:21 | Build | House |
| 1:23 | Build | House |
| 1:29 | Build | Palisade Gate |
| 1:33 | Build | Palisade Wall |
| 3:10 | Create | Villager (Male) |
| 3:10 | Create | Villager (Male) |
| 3:37 | Build | House |
| 3:38 | Build | House |
| 3:44 | Build | Palisade Wall |
| 3:46 | Build | Palisade Wall |
| 3:49 | Create | Villager (Male) |
| 3:50 | Create | Villager (Male) |
| 4:09 | Create | Villager (Male) |
| 4:09 | Create | Villager (Male) |
| 4:45 | Build | Mill |
| 4:51 | Create | Villager (Male) |
| 4:52 | Create | Villager (Male) |
| 5:09 | Build | Lumber Camp |
| 5:12 | Create | Villager (Male) |
| 5:12 | Create | Villager (Male) |
| 5:30 | Create | Villager (Male) |
| 5:30 | Create | Villager (Male) |
| 6:00 | Create | Villager (Male) |
| 6:00 | Create | Villager (Male) |
| 6:03 | Create | Villager (Male) |
| 6:25 | Create | Villager (Male) |
| 6:25 | Create | Villager (Male) |
| 6:49 | Create | Villager (Male) |
| 6:50 | Create | Villager (Male) |
| 7:10 | Create | Villager (Male) |
| 7:10 | Create | Villager (Male) |
| 7:19 | Build | Farm |
| 7:21 | Build | Farm |
| 7:23 | Build | Farm |
| 7:35 | Create | Villager (Male) |
| 7:35 | Create | Villager (Male) |
| 7:36 | Create | Villager (Male) |
| 7:52 | Create | Villager (Male) |
| 8:25 | Build | Mill |
| 8:50 | Build | House |
| 8:53 | Build | House |
| 8:55 | Build | House |
| 9:04 | Create | Villager (Male) |
| 9:05 | Create | Villager (Male) |
| 9:12 | Build | House |
| 9:14 | Build | House |
| 9:55 | Create | Villager (Male) |
| 9:56 | Create | Villager (Male) |
| 9:56 | Create | Villager (Male) |
| 10:01 | Build | Farm |
| 10:03 | Build | Farm |
| 10:04 | Build | Farm |
| 10:16 | Build | Farm |
| 11:08 | Create | Villager (Male) |
| 11:09 | Create | Villager (Male) |
| 11:13 | Build | Farm |
| 11:14 | Build | Farm |
| 11:34 | Build | Mining Camp |
| 11:54 | Research | Feudal Age |
| 12:16 | Build | Palisade Wall |
| 12:51 | Build | Barracks |
| 14:04 | Age | Feudal Age |
| 14:08 | Build | Archery Range |
| 14:12 | Research | Horse Collar |
| 14:15 | Create | Villager (Male) |
| 14:15 | Create | Villager (Male) |
| 14:15 | Create | Villager (Male) |
| 14:18 | Create | Villager (Male) |
| 14:18 | Create | Villager (Male) |
| 14:23 | Research | Double-Bit Axe |
| 15:00 | Build | Blacksmith |
| 15:07 | Build | House |
| 15:09 | Build | House |
| 15:10 | Build | House |
| 15:40 | Research | Wheelbarrow |
| 16:38 | Research | Castle Age |
| 17:19 | Research | Man-at-Arms (upgrade) |
| 17:26 | Build | Stable |
| 17:32 | Build | Gate |
| 17:37 | Build | Stone Wall |
| 17:45 | Research | Forging |
| 17:46 | Research | Scale Barding Armor |
| 18:25 | Research | Fletching |
| 18:28 | Research | Stone Mining |
| 18:29 | Research | Gold Mining |
| 19:04 | Create | Spearman |
| 19:05 | Create | Spearman |
| 19:05 | Create | Spearman |
| 19:08 | Create | Spearman |
| 19:13 | Create | Spearman |
| 19:24 | Build | Mining Camp |
| 19:33 | Create | Spearman |
| 19:36 | Create | Spearman |
| 19:39 | Create | Archer |
| 19:39 | Create | Archer |
| 19:40 | Create | Archer |
| 19:41 | Create | Archer |
| 19:41 | Create | Archer |
| 19:41 | Create | Archer |
| 19:42 | Age | Castle Age |
| 20:15 | Research | Pikeman (upgrade) |
| 20:20 | Create | Villager (Male) |
| 20:20 | Create | Villager (Male) |
| 20:20 | Create | Villager (Male) |
| 20:26 | Build | Farm |
| 20:28 | Build | Farm |
| 20:42 | Build | Town Center |
| 20:55 | Research | Bloodlines |
| 21:07 | Build | Farm |
| 21:16 | Build | Farm |
| 21:37 | Build | Farm |
| 21:42 | Create | Villager (Male) |
| 21:43 | Create | Villager (Male) |
| 22:05 | Build | House |
| 22:06 | Build | House |
| 22:08 | Build | House |
| 22:51 | Create | Villager (Male) |
| 22:51 | Create | Villager (Male) |
| 22:52 | Create | Villager (Male) |
| 22:52 | Create | Villager (Male) |
| 23:13 | Research | Crossbowman (upgrade) |
| 23:19 | Build | Farm |
| 23:21 | Create | Villager (Male) |
| 23:22 | Create | Villager (Male) |
| 23:22 | Create | Villager (Male) |
| 23:22 | Create | Villager (Male) |
| 23:36 | Create | Villager (Male) |
| 23:36 | Create | Villager (Male) |
| 23:42 | Build | Farm |
| 23:51 | Create | Villager (Male) |
| 24:08 | Build | Outpost |
| 24:16 | Build | Farm |
| 24:20 | Create | Villager (Male) |
| 24:20 | Create | Villager (Male) |
| 24:20 | Create | Villager (Male) |
| 24:25 | Build | Farm |
| 24:49 | Build | Mining Camp |
| 24:53 | Build | Farm |
| 24:56 | Research | Town Watch |
| 25:15 | Build | University |
| 25:40 | Build | Castle |
| 26:00 | Build | Farm |
| 26:04 | Build | Farm |
Build order — _yeetmeoffacliff_
107 actions detected in the replay
| 0:02 | Create | Villager (Male) |
| 0:02 | Create | Villager (Male) |
| 0:02 | Create | Villager (Male) |
| 0:02 | Create | Villager (Male) |
| 0:03 | Create | Villager (Male) |
| 0:05 | Build | House |
| 0:06 | Build | House |
| 1:39 | Create | Villager (Male) |
| 2:09 | Create | Villager (Male) |
| 2:09 | Create | Villager (Male) |
| 2:45 | Create | Villager (Male) |
| 2:45 | Create | Villager (Male) |
| 3:01 | Create | Villager (Male) |
| 3:48 | Create | Villager (Male) |
| 4:12 | Create | Villager (Male) |
| 4:13 | Create | Villager (Male) |
| 4:14 | Research | Loom |
| 4:43 | Build | House |
| 4:46 | Build | House |
| 4:49 | Build | Mill |
| 5:29 | Build | Mill |
| 5:38 | Create | Villager (Male) |
| 5:38 | Create | Villager (Male) |
| 5:51 | Create | Villager (Male) |
| 5:59 | Create | Villager (Male) |
| 6:22 | Build | Lumber Camp |
| 6:29 | Create | Villager (Male) |
| 6:46 | Create | Villager (Male) |
| 8:20 | Create | Villager (Male) |
| 8:20 | Create | Villager (Male) |
| 9:04 | Research | Feudal Age |
| 10:39 | Build | Mill |
| 11:20 | Age | Feudal Age |
| 12:00 | Build | Stone Wall |
| 12:08 | Build | Stone Wall |
| 12:11 | Create | Villager (Male) |
| 12:12 | Create | Villager (Male) |
| 12:14 | Research | Wheelbarrow |
| 13:06 | Build | House |
| 13:10 | Build | Blacksmith |
| 14:12 | Create | Villager (Male) |
| 14:13 | Create | Villager (Male) |
| 14:14 | Research | Double-Bit Axe |
| 14:47 | Build | Market |
| 14:48 | Build | Farm |
| 14:51 | Build | Farm |
| 14:52 | Build | Farm |
| 15:21 | Build | Gate |
| 15:30 | Create | Villager (Male) |
| 15:30 | Create | Villager (Male) |
| 15:48 | Create | Villager (Male) |
| 15:56 | Research | Fletching |
| 16:10 | Build | Gate |
| 16:18 | Build | House |
| 16:20 | Build | House |
| 16:26 | Build | House |
| 16:29 | Create | Villager (Male) |
| 17:17 | Research | Castle Age |
| 17:36 | Build | Mining Camp |
| 18:25 | Build | Barracks |
| 18:47 | Research | Gold Mining |
| 19:19 | Build | Archery Range |
| 20:03 | Build | Mining Camp |
| 20:07 | Age | Castle Age |
| 20:08 | Research | Stone Mining |
| 20:14 | Create | Skirmisher |
| 20:14 | Create | Skirmisher |
| 20:42 | Create | Skirmisher |
| 20:45 | Research | Elite Skirmisher (upgrade) |
| 20:48 | Create | Villager (Male) |
| 20:48 | Create | Villager (Male) |
| 21:25 | Build | House |
| 21:26 | Build | House |
| 21:31 | Create | Skirmisher |
| 22:00 | Create | Skirmisher |
| 22:03 | Create | Villager (Male) |
| 22:03 | Create | Villager (Male) |
| 22:23 | Build | Town Center |
| 22:27 | Create | Villager (Male) |
| 22:27 | Create | Villager (Male) |
| 22:49 | Create | Skirmisher |
| 23:06 | Research | Bow Saw |
| 23:17 | Create | Villager (Male) |
| 23:28 | Create | Skirmisher |
| 23:31 | Create | Skirmisher |
| 23:45 | Build | House |
| 23:46 | Build | House |
| 23:47 | Build | House |
| 23:51 | Research | Padded Archer Armor |
| 24:01 | Build | Mining Camp |
| 24:04 | Create | Villager (Male) |
| 24:05 | Create | Villager (Male) |
| 24:07 | Create | Villager (Male) |
| 24:08 | Create | Villager (Male) |
| 24:12 | Create | Villager (Male) |
| 24:13 | Create | Villager (Male) |
| 24:35 | Build | Castle |
| 25:09 | Research | Horse Collar |
| 25:12 | Create | Villager (Male) |
| 25:40 | Build | Farm |
| 25:41 | Build | Farm |
| 25:44 | Build | Farm |
| 25:52 | Build | Farm |
| 25:57 | Create | Skirmisher |
| 25:58 | Create | Skirmisher |
| 26:05 | Create | Woad Raider |
| 26:05 | Create | Woad Raider |
Match timeline
| 1:33 | StarKiller · wall_segment Palisade Wall x6 |
| 3:44 | StarKiller · wall_segment Palisade Wall x1 |
| 3:46 | StarKiller · wall_segment Palisade Wall x1 |
| 7:08 | leehunt85 · first_building Barracks |
| 10:41 | MrAlwaysWins · first_building Barracks |
| 11:20 | _yeetmeoffacliff_ · age_up feudal |
| 11:58 | leehunt85 · age_up feudal |
| 12:00 | _yeetmeoffacliff_ · wall_segment Stone Wall x19 |
| 12:05 | leehunt85 · first_building Stable |
| 12:08 | _yeetmeoffacliff_ · wall_segment Stone Wall x15 |
| 12:16 | MrAlwaysWins · age_up feudal |
| 12:16 | StarKiller · wall_segment Palisade Wall x5 |
| 12:51 | StarKiller · first_building Barracks |
| 14:04 | StarKiller · age_up feudal |
| 14:06 | leehunt85 · wall_segment Stone Wall x6 |
| 14:08 | StarKiller · first_building Archery Range |
| 14:29 | leehunt85 · wall_segment Stone Wall x4 |
| 15:13 | leehunt85 · first_building Archery Range |
| 16:23 | MrAlwaysWins · first_building Archery Range |
| 17:01 | _yeetmeoffacliff_ · first_market_sell 100 wood |
| 17:05 | _yeetmeoffacliff_ · first_market_buy 100 food |
| 17:09 | MrAlwaysWins · first_market_buy 100 food |
| 17:26 | StarKiller · first_building Stable |
| 17:37 | StarKiller · wall_segment Stone Wall x15 |
| 18:25 | _yeetmeoffacliff_ · first_building Barracks |
| 19:19 | _yeetmeoffacliff_ · first_building Archery Range |
| 19:42 | StarKiller · age_up castle |
| 19:55 | MrAlwaysWins · age_up castle |
| 19:57 | leehunt85 · age_up castle |
| 20:07 | _yeetmeoffacliff_ · age_up castle |
| 21:06 | leehunt85 · first_building Siege Workshop |
| 23:05 | leehunt85 · first_building Monastery |
| 24:35 | _yeetmeoffacliff_ · first_building Castle |
| 25:40 | StarKiller · first_building Castle |
| 26:33 | _yeetmeoffacliff_ · resign |
| 26:37 | MrAlwaysWins · first_building Castle |
| 30:40 | StarKiller · age_up imperial |
| 30:54 | leehunt85 · first_building Castle |
| 37:18 | MrAlwaysWins · first_building Siege Workshop |
| 40:51 | leehunt85 · first_market_sell 100 wood |
| 41:28 | leehunt85 · first_market_buy 100 stone |
| 48:16 | leehunt85 · age_up imperial |
| 53:31 | MrAlwaysWins · tribute_sent a jugador 2 |
| 53:31 | MrAlwaysWins · tribute_sent a jugador 3 |
| 53:31 | MrAlwaysWins · tribute_sent a jugador 4 |
| 55:21 | StarKiller · wall_segment Stone Wall x5 |
[ AI ANALYSIS · 1 CREDIT ]
What really happened in this match?
Wolo.gg analyzes every decision: build order, eco, micro, common mistakes by bracket. Personalized analysis on WhatsApp or Discord in 30 seconds.
Civ guide
Mongols
Map guide
Glade
Perfil
leehunt85